 Dungeon Crawl Stone Soup version 0.30.0-16-gbe6223bb7e (webtiles) character file.

Game seed: 17540816088869387903

54427 seandewar5 the Cleaver (level 14, -1/163 HPs)
             Began as a Gnoll Wanderer on May 20, 2023.
             Was an Initiate of Gozag.
             Succumbed to a swamp dragon's blast of poison
             ... on level 5 of the Lair of Beasts.
             The game lasted 01:02:23 (21142 turns).

seandewar5 the Cleaver (Gnoll Wanderer)            Turns: 21142, Time: 01:02:24

Health: -1/163     AC: 17    Str: 25    XL:     14   Next: 72%
Magic:  28/28      EV: 12    Int: 12    God:    Gozag
Gold:   3155       SH:  6    Dex:  9    Spells: 32/33 levels left

rFire   + . .        a - +6 demon trident (flame)
rCold   . . .        q - +0 buckler
rNeg    . . .        Q - +0 fire dragon scales
rPois   .            S - +2 hat {Will+}
rElec   .            f - +0 cloak
rCorr   .            i - +0 pair of gloves
SInv    .            A - +0 pair of boots
Will    ++...        e - amulet of regeneration Stlth
                     n - +6 ring of strength
HPRegen 1.27/turn    K - ring of ice
MPRegen 0.21/turn

%: no passive effects
@: berserking (expiring), lethally poisoned (-1 -> -34), gold aura, very quick
A: fangs 1, strong nose, distributed training
a: Renounce Religion, Potion Petition, Call Merchant, Bribe Branch


You were on level 5 of the Lair of Beasts.
You worshipped Gozag.
Gozag was most pleased with you.
You visited 3 branches of the dungeon, and saw 18 of its levels.

You collected 5146 gold pieces.
You paid 1991 gold pieces to Gozag.

Inventory:

Hand Weapons
 a - a +6 demon trident of flaming (weapon)
Missiles
 g - 31 poisoned darts
 j - 2 javelins
 u - a silver boomerang (quivered)
 z - 5 atropa-tipped darts
 P - a silver javelin
Armour
 f - a +0 cloak (worn)
 i - a +0 pair of gloves (worn)
 q - a +0 buckler (worn)
 A - a +0 pair of boots (worn)
 C - a +0 plate armour
 Q - +0 fire dragon scales (worn)
 S - a +2 hat of willpower (worn)
Jewellery
 d - a ring of positive energy
 e - an amulet of regeneration (around neck)
 n - a +6 ring of strength (left hand)
 G - a ring of flight
 I - a ring of willpower
 K - a ring of ice (right hand)
 V - a ring of resist corrosion
 X - a ring of magical power
 Z - a ring of positive energy
Wands
 r - a wand of light (7)
 F - a wand of digging (4)
 M - a wand of roots (12)
 N - a wand of mindburst (16)
 O - a wand of charming (22)
 U - a wand of polymorph (13)
Scrolls
 c - a scroll of enchant armour {unknown}
 h - 2 scrolls of amnesia
 k - 5 scrolls of vulnerability
 p - a scroll of torment {unknown}
 s - 4 scrolls of teleportation
 w - 5 scrolls of immolation
 y - a scroll of acquirement {unknown}
 B - a scroll of identify
 D - a scroll of fog
 H - a scroll of butterflies {unknown}
 J - a scroll of poison {unknown}
 L - a scroll of silence {unknown}
 W - a scroll of fear {unknown}
Potions
 b - a potion of invisibility {unknown}
 l - a potion of might
 m - 4 potions of flight
 o - 4 potions of brilliance
 t - 2 potions of magic
 v - 6 potions of curing
 x - a potion of heal wounds
 E - 2 potions of attraction
 R - 2 potions of lignification
 T - a potion of mutation
 Y - 2 potions of ambrosia {unknown}


   Skills:
 + Level 9.8 Fighting
 + Level 9.8 Short Blades
 + Level 9.8 Long Blades
 + Level 14.0 Axes
 + Level 9.8 Maces & Flails
 + Level 9.8 Polearms
 + Level 9.8 Staves
 + Level 9.8 Ranged Weapons
 + Level 9.8 Throwing
 + Level 9.8 Armour
 + Level 10.2 Dodging
 + Level 9.8 Stealth
 + Level 9.8 Shields
 + Level 9.8 Unarmed Combat
 + Level 10.2 Spellcasting
 + Level 8.2 Conjurations
 + Level 8.2 Hexes
 + Level 8.2 Summonings
 + Level 8.2 Necromancy
 + Level 8.2 Translocations
 + Level 8.2 Transmutations
 + Level 8.2 Fire Magic
 + Level 8.2 Ice Magic
 + Level 8.2 Air Magic
 + Level 8.2 Earth Magic
 + Level 9.1 Poison Magic
 + Level 10.7 Invocations
 + Level 10.2 Evocations


You had 32 spell levels left.
You knew the following spells:

 Your Spells              Type           Power      Damage    Failure   Level
a - Apportation           Tloc           50%        N/A       1%          1

Your spell library contained the following spells:

 Spells                   Type           Power      Damage    Failure   Level
 Beastly Appendage        Tmut           50%        N/A       1%          1
 Magic Dart               Conj           100%       1d8       1%          1
 Shock                    Conj/Air       100%       1d9       1%          1
 Call Imp                 Summ           50%        N/A       1%          2
 Cigotuvi's Dreadful Rot  Necr/Pois/Air  52%        N/A       1%          2
 Poisonous Vapours        Pois/Air       54%        N/A       1%          2
 Sublimation of Blood     Necr           25%        N/A       1%          2
 Wereblood                Tmut           25%        N/A       1%          2
 Mephitic Cloud           Conj/Pois/Air  26%        N/A       2%          3
 Dazzling Flash           Conj/Hex       50%        N/A       3%          3
 Stone Arrow              Conj/Erth      50%        3d10      3%          3
 Swiftness                Air            25%        N/A       3%          3
 Vhi's Electric Charge    Tloc/Air       50%        N/A       3%          3
 Volatile Blastmotes      Fire/Tloc      50%        2d14      3%          3
 Airstrike                Air            12%        2d(2-18)  11%         4
 Animate Armour           Summ/Erth      50%        N/A       11%         4
 Fulminant Prism          Conj/Hex       12%        3d9       11%         4
 Iskenderun's Mystic Bla  Conj/Tloc      25%        2d7       11%         4
 Passage of Golubria      Tloc           25%        N/A       11%         4
 Alistair's Intoxication  Tmut/Pois      18%        N/A       24%         5
 Agony                    Necr           25%        N/A       30%         5
 Arcjolt                  Conj/Air       12%        1d22      30%         5
 Freezing Cloud           Conj/Ice/Air   19%        6-21      30%         5
 Lee's Rapid Deconstruct  Erth           12%        3d9*      30%         5
 Silence                  Hex/Air        12%        N/A       30%         5
 Storm Form               Tmut/Air       12%        N/A       100%        7
 Summon Hydra             Summ           12%        N/A       100%        7
 Lehudib's Crystal Spear  Conj/Erth      12%        10d4      100%        8
 Maxwell's Capacitive Co  Air            12%        ∞         100%        8
 Chain Lightning          Conj/Air       12%        3d16      100%        9


Dungeon Overview and Level Annotations

Branches:
Dungeon (12/15)            Temple (1/1) D:5            Lair (5/5) D:9
 Shoals (0/4) Lair:3        Snake (0/4) Lair:3        Slime (0/5) Lair:4
    Orc: D:9-12

Altars:
Ashenzari
Cheibriados
Dithmenos
Elyvilon
Fedhas
Gozag
Hepliaklqana
Kikubaaqudgha
Makhleb
Nemelex Xobeh
Okawaru
Qazlal
Ru
Sif Muna
Trog
Uskayaw
Vehumet
Wu Jian
Xom
Yredelemnul
Zin
The Shining One

Shops:
D:2 =

Annotations:
D:7 exclusion: downstairs
D:8 exclusion: downstairs
D:9 exclusion: downstairs
D:12 Nessos


Innate Abilities, Weirdness & Mutations

You have very sharp teeth.
Your uncanny sense of smell can sniff out nearby items.
Your experience applies equally to all skills.


Message History

Okay, then.
Okay, then.
Okay, then.
Unknown command. [a] - 210 gold - heal wounds and berserk rage [b] - 522 gold - resistance and invisibility [c] - 609 gold - haste, curing and magic Purchase which effect?
You feel much better.
A red film seems to cover your vision as you go berserk!
You feel yourself moving faster!
You feel mighty!
You are engulfed in poison gas.
You are lethally poisoned!
* * * LOW HITPOINT WARNING * * *
x2 You feel extremely sick.
The swamp dragon breathes poison at you.
The blast of poison engulfs you!
You are more poisoned.
* * * LOW HITPOINT WARNING * * *
You impale the swamp dragon!! You burn the swamp dragon.
You kill the swamp dragon!
You now have 3155 gold pieces (gained 29).
* * * LOW HITPOINT WARNING * * *
You feel extremely sick.
You are too berserk!
There is a lethal amount of poison in your body!
You are too berserk!
* * * LOW HITPOINT WARNING * * *
You feel extremely sick.
Reach: a) +6 demon trident (flame)
Press: ? - help, Dir - move target, f - you
Okay, then.
You are too berserk!
You are too berserk!
You are too berserk!
You feel a strong urge to attack something.
* * * LOW HITPOINT WARNING * * *
You feel extremely sick.
You die...
Your body crumbles into a pile of gold.

..#
♣P...~♣.♣♣∆,$,,~~,,*
..#
♣♣.♣♣.≈≈♣.♣♣**,~~~~~*
..#
♣..♣.~♣♣≈~.♣*.~~~≈≈~♣
..#
♣♣≈.~♣♣.}≈.♣♣♣~≈≈≈≈~♣
..#
♣.♣~≈♣♣♣.♣≈~♣♣..°≈≈.♣
..#
♣♣.~♣..♣..~..♣♣.○≈≈~♣
..#
♣~≈≈♣..♣.☼.♣♣♣≈.°~~.♣
..#
♣.~♣♣♣..♣♣☼°°♣♣.~..♣*
..#
♣♣.~♣♣...♣○.@°≈≈~$.♣
..#
♣♣~♣♣♣.♣♣♣♣§.°≈$...♣
..#♣♣~~.♣♣♣♣
♣♣§°☼...♣♣
..#.~~♣..### ♣♣♣♣♣♣♣♣
...........# #######
.........### #.##..#
.........# ##....##
......P### #.#...#
........# ##....##


There were no monsters in sight!

Vanquished Creatures
  An ice dragon (Lair:5)
  2 hydras (Lair:5)
  A catoblepas (Lair:1)
  A two-headed ogre (D:10)
  A boulder beetle (Lair:2)
  10 death yaks
  Amaemon (D:10)
  2 skysharks (Lair:4)
  A swamp dragon (Lair:5)
  2 lindwurms (Lair:5)
  Pikel (D:8)
  A deep elf zephyrmancer (D:9)
  A deep elf pyromancer (D:9)
  A cyclops (D:11)
  A wolf spider (Lair:5)
  A merfolk siren (Lair:3)
  2 ugly things (D:11)
  A guardian serpent (Lair:5)
  10 black mambas
  8 elephants
  2 torpor snails (Lair:3)
  An orange demon (D:10)
  2 rime drakes (Lair:5)
  19 cane toads
  2 gargoyles
  An unseen horror (D:10)
  5 komodo dragons
  2 trolls
  3 hornets
  6 polar bears
  Grinder (D:6)
  10 blink frogs
  A shadow (D:10)
  14 wyverns
  41 yaks
  3 wraiths
  7 basilisks
  2 steam dragons
  2 redbacks (Lair:5)
  2 nagas (Lair:3)
  28 water moccasins
  An acid dragon (Lair:5)
  3 orc warriors
  A sky beast (D:7)
  5 swamp drakes
  3 ice beasts
  2 black bears
  12 wolves
  A centaur (D:9)
  3 phantoms
  3 lemures (D:8)
  14 bullfrogs
  A gnoll sergeant (D:10)
  5 scorpions
  5 wights (D:7)
  12 killer bees
  3 howler monkeys (D:7)
  3 electric eels
  A crimson imp (D:9)
  A hound (D:6)
  7 iguanas
  An iron imp (D:9)
  6 orc priests
  5 sleepcaps
  15 orc wizards
  7 gnolls
  4 adders
  2 shadow imps
  2 white imps
  An ufetubus (D:7)
  2 worms
  2 dart slugs (D:1)
  67 orcs
  6 bats
  4 endoplasms
  2 giant cockroaches
  13 goblins
  7 hobgoblins
  3 jackals (D:1)
  4 quokkas
  7 ball pythons
  2 frilled lizards
  9 kobolds
  4 rats
464 creatures vanquished.

Vanquished Creatures (others)
  A komodo dragon (Lair:5)
1 creature vanquished.

Grand Total: 465 creatures vanquished

Notes
Turn   | Place    | Note
-------+----------+-------------------------------------------
     0 | D:1      | Reached skill level 10 in Axes
     0 | D:1      | seandewar5 the Gnoll Wanderer began the quest for the Orb.
     0 | D:1      | seandewar5 set off with the following items: a +2 hand axe,
                  | a +0 cloak, a scroll of blinking, a +0 leather armour; and
                  | the following spells available to memorise: Poisonous
                  | Vapours, Cigotuvi's Dreadful Rot.
     0 | D:1      | Reached XP level 1. HP: 13/13 MP: 4/4
   144 | D:1      | Reached XP level 2. HP: 20/20 MP: 5/5
   413 | D:1      | Reached XP level 3. HP: 25/25 MP: 7/7
   917 | D:2      | Reached skill level 1 in Invocations
   927 | D:2      | Reached skill level 1 in Fighting
   927 | D:2      | Reached skill level 1 in Short Blades
   927 | D:2      | Reached skill level 1 in Long Blades
   927 | D:2      | Reached skill level 1 in Maces & Flails
   927 | D:2      | Reached skill level 1 in Polearms
   927 | D:2      | Reached skill level 1 in Staves
   927 | D:2      | Reached skill level 1 in Ranged Weapons
   927 | D:2      | Reached skill level 1 in Throwing
   927 | D:2      | Reached skill level 1 in Armour
   927 | D:2      | Reached skill level 1 in Stealth
   927 | D:2      | Reached skill level 1 in Shields
   927 | D:2      | Reached skill level 1 in Unarmed Combat
  1129 | D:2      | Found a stormy altar of Qazlal.
  1214 | D:2      | Found Qeumir's Jewellery Boutique.
  1366 | D:3      | Reached XP level 4. HP: 32/32 MP: 8/8
  1517 | D:3      | Found a sacrificial altar of Ru.
  1524 | D:3      | Identified the +0 robe of Mada {Will+ Int+2}
  1816 | D:3      | Got Hiywn's Guidebook on Kinetic Reformation
  2321 | D:4      | Reached skill level 1 in Conjurations
  2321 | D:4      | Reached skill level 1 in Hexes
  2321 | D:4      | Reached skill level 1 in Summonings
  2321 | D:4      | Reached skill level 1 in Necromancy
  2321 | D:4      | Reached skill level 1 in Translocations
  2321 | D:4      | Reached skill level 1 in Transmutations
  2321 | D:4      | Reached skill level 1 in Fire Magic
  2321 | D:4      | Reached skill level 1 in Ice Magic
  2321 | D:4      | Reached skill level 1 in Air Magic
  2321 | D:4      | Reached skill level 1 in Earth Magic
  2325 | D:4      | Noticed a scorpion
  2344 | D:3      | Reached XP level 5. HP: 37/37 MP: 9/9
  2520 | D:4      | Noticed a phantom
  2526 | D:4      | Killed a phantom
  2646 | D:4      | Reached XP level 6. HP: 36/44 MP: 9/11
  2996 | D:4      | Identified the +5 dagger "Killer Klown's Bane" {flame,
                  | rPois Int+4}
  3415 | D:5      | Entered Level 5 of the Dungeon
  3527 | D:5      | Found a staircase to the Ecumenical Temple.
  3533 | D:5      | Noticed an ice beast
  3543 | D:5      | Killed an ice beast
  3544 | D:5      | Reached XP level 7. HP: 34/51 MP: 12/12
  3603 | Temple   | Entered the Ecumenical Temple
  3804 | Temple   | Became a worshipper of Gozag Ym Sagoz the Greedy
  4808 | D:6      | Reached XP level 8. HP: 15/58 MP: 14/14
  4904 | D:6      | You fall into a shaft and drop 1 floor!
  4965 | D:6      | Noticed Grinder
  4975 | D:6      | Killed Grinder
  4976 | D:6      | Reached skill level 11 in Axes
  5236 | D:6      | Reached skill level 5 in Poison Magic
  5606 | D:6      | Reached XP level 9. HP: 63/65 MP: 16/16
  5929 | D:6      | Reached skill level 5 in Spellcasting
  6208 | D:7      | Reached skill level 5 in Dodging
  6208 | D:7      | Reached skill level 5 in Evocations
  7057 | D:8      | Noticed Pikel
  7134 | D:8      | Killed Pikel
  7135 | D:8      | Reached skill level 5 in Invocations
  7925 | D:8      | Reached skill level 5 in Fighting
  7925 | D:8      | Reached skill level 5 in Short Blades
  7925 | D:8      | Reached skill level 5 in Long Blades
  7925 | D:8      | Reached skill level 5 in Maces & Flails
  7925 | D:8      | Reached skill level 5 in Polearms
  7925 | D:8      | Reached skill level 5 in Staves
  7925 | D:8      | Reached skill level 5 in Ranged Weapons
  7925 | D:8      | Reached skill level 5 in Throwing
  7925 | D:8      | Reached skill level 5 in Armour
  7925 | D:8      | Reached skill level 5 in Stealth
  7925 | D:8      | Reached skill level 5 in Shields
  7925 | D:8      | Reached skill level 5 in Unarmed Combat
  7925 | D:8      | Reached XP level 10. HP: 74/74 MP: 18/18
  8100 | D:9      | Found a staircase to the Lair.
  8121 | D:9      | Paralysed by a hornet for 1 turns
  8265 | D:9      | Learned a level 1 spell: Apportation
  8277 | D:9      | Found a broken altar of Ashenzari.
  8579 | D:9      | Noticed a deep elf pyromancer
  8590 | D:9      | Killed a deep elf pyromancer
  8624 | D:9      | Noticed a deep elf zephyrmancer
  8630 | D:9      | Killed a deep elf zephyrmancer
  9166 | D:10     | Entered Level 10 of the Dungeon
  9223 | D:10     | Noticed Amaemon
  9223 | D:10     | Noticed an orange demon
  9474 | D:10     | Killed an unseen horror
  9475 | D:10     | Reached skill level 12 in Axes
  9475 | D:10     | Reached skill level 5 in Conjurations
  9475 | D:10     | Reached skill level 5 in Hexes
  9475 | D:10     | Reached skill level 5 in Summonings
  9475 | D:10     | Reached skill level 5 in Necromancy
  9475 | D:10     | Reached skill level 5 in Translocations
  9475 | D:10     | Reached skill level 5 in Transmutations
  9475 | D:10     | Reached skill level 5 in Fire Magic
  9475 | D:10     | Reached skill level 5 in Ice Magic
  9475 | D:10     | Reached skill level 5 in Air Magic
  9475 | D:10     | Reached skill level 5 in Earth Magic
  9736 | D:10     | Reached XP level 11. HP: 81/81 MP: 21/21
  9857 | D:10     | Killed Amaemon
  9886 | D:10     | Noticed a two-headed ogre
  9894 | D:10     | Killed a two-headed ogre
 10660 | D:11     | Noticed a cyclops
 10663 | D:11     | Noticed a brown ugly thing
 10682 | D:11     | Killed a cyclops
 10795 | D:11     | Killed a brown ugly thing
 11057 | D:11     | Noticed a red ugly thing
 11068 | D:11     | Killed a red ugly thing
 11635 | D:12     | Noticed Nessos
 11658 | D:12     | Noticed a manticore
 11725 | Lair:1   | Entered Level 1 of the Lair of Beasts
 11861 | Lair:1   | Noticed a catoblepas
 11877 | Lair:1   | Killed a catoblepas
 12118 | Lair:1   | Reached XP level 12. HP: 91/91 MP: 23/23
 12861 | Lair:2   | Noticed a boulder beetle
 12870 | Lair:2   | Killed a boulder beetle
 13654 | Lair:3   | Found a staircase to the Snake Pit.
 13790 | Lair:3   | You fall into a shaft and drop 1 floor!
 13847 | Lair:4   | Found a staircase to the Slime Pits.
 13969 | Lair:4   | Noticed a skyshark
 14266 | Lair:3   | Reached skill level 13 in Axes
 14289 | Lair:3   | Found a staircase to the Shoals.
 14582 | Lair:3   | Reached XP level 13. HP: 97/98 MP: 25/25
 16298 | Lair:5   | Entered Level 5 of the Lair of Beasts
 16300 | Lair:5   | Noticed an ice dragon
 16300 | Lair:5   | Found a frozen archway.
 17298 | Lair:4   | Found a staircase to the Slime Pits.
 19517 | Lair:5   | Reached skill level 10 in Invocations
 19517 | Lair:5   | Reached XP level 14. HP: 108/108 MP: 27/27
 19590 | Lair:5   | Paralysed by a hornet for 2 turns
 20296 | Lair:4   | Reached skill level 10 in Spellcasting
 20442 | Lair:5   | Reached skill level 10 in Dodging
 20442 | Lair:5   | Reached skill level 10 in Evocations
 20727 | Lair:4   | Reached skill level 14 in Axes
 21141 | Lair:5   | HP: 5/163 [poisoned by a swamp dragon (blast of poison)]
 21142 | Lair:5   | Succumbed to a swamp dragon's blast of poison

Illustrated notes

Levels and vault maps discovered:
D:1:      lemuel_arrival_room, layout_loops_ring
D:2:      layout_loops_ring, serial_shops, shop, basic_altar,
          hangedman_abyss_or_decor_stabs, grunt_ministairs_8
D:3:      layout_basic, mainiacjoe_overflow_boulevard, serial_bayou_pond_e
D:4:      layout_layer_cave, nicolae_ossuary_entry_ruins
D:5:      layout_basic, temple_fountains
D:6:      corexii_shack_village, layout_basic, uniq_grinder
D:7:      layout_rooms, kennysheep_path_1, minmay_gold_behind_fungi
D:8:      layout_basic, uniq_pikel
D:9:      layout_roguey [special_room_orc], ashenzari_altar_1,
          due_lair_maze_entry_diamond, hangedman_minor_magic
D:10:     layout_layer_cave, uniq_amaemon
D:11:     layout_roguey
D:12:     layout_gridville, erik_orc_2, uniq_nessos
Temple:   nicolae_temple_bog_church
Lair:1:   layout_gridlike, lemuel_fruit_tree, serial_bayou_shore_b
Lair:2:   layout_gridlike, st_stairs_10
Lair:3:   layout_loops_ring, minmay_shoals_entry_lonely_mermaid,
          guppyfry_snake_entry_island
Lair:4:   layout_cave_pods, slime_entry_1, grunt_megastairs_5,
          serial_bayou_shore_a
Lair:5:   guppyfry_lair_end_dragon, layout_gridlike,
          hangedman_lair_tendril_chambers,
          portal_ice_cave_entry_animals_and_master, nicolae_lair_lindhole,
          infiniplex_staircase_pool

Skill      XL: |  1  2  3  4  5  6  7  8  9 10 11 12 13 14 |
---------------+-------------------------------------------+-----
Axes           | 11 12 13 14 | 14.0
Invocations    | 1 2 3 4 5 6 7 8 10 | 10.7
Fighting       | 1 2 3 5 6 7 8 9 |  9.8
Short Blades   | 1 2 3 5 6 7 8 9 |  9.8
Long Blades    | 1 2 3 5 6 7 8 9 |  9.8
Maces & Flails | 1 2 3 5 6 7 8 9 |  9.8
Polearms       | 1 2 3 5 6 7 8 9 |  9.8
Staves         | 1 2 3 5 6 7 8 9 |  9.8
Ranged Weapons | 1 2 3 5 6 7 8 9 |  9.8
Throwing       | 1 2 3 5 6 7 8 9 |  9.8
Armour         | 1 2 3 5 6 7 8 9 |  9.8
Stealth        | 1 2 3 5 6 7 8 9 |  9.8
Shields        | 1 2 3 5 6 7 8 9 |  9.8
Unarmed Combat | 1 2 3 5 6 7 8 9 |  9.8
Spellcasting   | 3 4 5 6 7 8 9 10 | 10.2
Conjurations   | 1 2 3 4 5 6 7 8 |  8.2
Hexes          | 1 2 3 4 5 6 7 8 |  8.2
Summonings     | 1 2 3 4 5 6 7 8 |  8.2
Necromancy     | 1 2 3 4 5 6 7 8 |  8.2
Translocations | 1 2 3 4 5 6 7 8 |  8.2
Transmutations | 1 2 3 4 5 6 7 8 |  8.2
Fire Magic     | 1 2 3 4 5 6 7 8 |  8.2
Ice Magic      | 1 2 3 4 5 6 7 8 |  8.2
Air Magic      | 1 2 3 4 5 6 7 8 |  8.2
Earth Magic    | 1 2 3 4 5 6 7 8 |  8.2
Dodging        | 3 4 5 6 7 8 9 10 | 10.2
Poison Magic   | 4 5 6 7 8 9 |  9.1
Evocations     | 3 4 5 6 7 8 9 10 | 10.2

Action                     |  1- 3 |  4- 6 |  7- 9 | 10-12 | 13-15 || total
---------------------------+-------+-------+-------+-------+-------++-------
  Melee: Hand axe          |    88 |   106 |   178 |       |       ||   372
         Bite              |     5 |     7 |    25 |    57 |    85 ||   179
         Demon trident     |       |       |   104 |   594 |   689 ||  1387
         Spear             |       |       |     8 |       |       ||     8
  Throw: Javelin           |     3 |    16 |    39 |    20 |    17 ||    95
         Dart              |       |     3 |    14 |     8 |    13 ||    38
         Boomerang         |       |       |       |    25 |    17 ||    42
 Invoke: Potion Petition   |       |       |       |       |     5 ||     5
  Evoke: Wand              |       |     1 |     3 |     6 |     6 ||    16
    Use: Scroll            |     4 |     4 |     9 |     9 |     7 ||    33
         Potion            |       |       |       |    10 |     7 ||    17
   Stab: Distracted        |       |       |     1 |     4 |     2 ||     7
         Invisible         |       |       |     1 |     1 |       ||     2
         Confused          |       |       |       |       |     1 ||     1
         Sleeping          |       |       |       |       |     1 ||     1
 Armour: Leather armour    |    19 |       |       |       |       ||    19
         Chain mail        |     5 |    42 |     2 |       |       ||    49
         Plate armour      |       |       |   117 |   278 |   187 ||   582
         Fire dragon scale |       |       |       |       |   146 ||   146
  Dodge: Dodged            |    44 |    23 |    77 |   181 |   286 ||   611
  Block: Buckler           |       |     5 |    33 |   101 |   156 ||   295
